 Dungeon Crawl Stone Soup version 0.28-a0-1227-ga9037bb4c8 (webtiles) character file.

Game seed: 16421011879482368889

38 cameronsadist the Magician (level 3, 0/27 HPs)
             Began as a Demigod Wanderer on Dec 22, 2021.
             Slain by Natasha (5 damage)
             ... on level 3 of the Dungeon.
             The game lasted 00:07:59 (1154 turns).

cameronsadist the Magician (Demigod Wanderer)       Turns: 1154, Time: 00:08:00

Health: 0/27       AC:  4    Str:  9    XL:     3   Next: 10%
Magic:  10/10      EV: 12    Int: 20    God:
Gold:   36         SH:  0    Dex: 15    Spells: 7/8 levels left

rFire   . . .      SeeInvis .   a - +2 spear
rCold   . . .      Faith    .   (no shield)
rNeg    . . .      Spirit   .   d - +0 leather armour
rPois   .          Reflect  .   (no helmet)
rElec   .          Harm     .   (no cloak)
rCorr   .          Rampage  .   (no gloves)
Will    .....                   b - +0 pair of boots
Stlth   +.........              (no amulet)
HPRegen 0.09/turn               (no ring)
MPRegen 0.12/turn               (no ring)

@: no status effects
A: high mp 1, forlorn, divine attributes
a: no special abilities


You were on level 3 of the Dungeon.
You visited 1 branch of the dungeon, and saw 3 of its levels.

You collected 36 gold pieces.

Inventory:

Hand Weapons
 a - a +2 spear (weapon)
 g - a +0 trident
Armour
 b - a +0 pair of boots (worn)
 c - a +0 robe
 d - a +0 leather armour (worn)
Scrolls
 h - a scroll of acquirement {unknown}
Potions
 e - 2 potions of curing
 f - a potion of lignification
 i - a potion of heal wounds {unknown}


   Skills:
 * Level 0.8 Fighting
 * Level 2.3 Polearms
 - Level 1.0 Throwing
 + Level 3.0 Dodging
 - Level 1.0 Stealth
 + Level 3.0 Spellcasting


You had 7 spell levels left.
You knew the following spells:

 Your Spells              Type           Power      Damage    Failure   Level
a - Apportation           Tloc           6%         N/A       21%         1

Your spell library contained the following spells:

 Spells                   Type           Power      Damage    Failure   Level
 Lesser Beckoning         Tloc           3%         N/A       52%         3


Dungeon Overview and Level Annotations

Branches:
Dungeon (3/15)

Shops:
D:1 *:

Annotations:
D:3 Natasha


Innate Abilities, Weirdness & Mutations

You have an increased reservoir of magic. (+10% MP)
You shall have no god before yourself.
Your divine heritage dramatically boosts your attributes as you level up.


Message History

Natasha, Servant of Life and Death comes into view.
An orc comes into view. It is wielding a +0 hand axe.
You see here a +0 trident.
g - a +0 trident Natasha mumbles some strange words.
You see here a giant cockroach corpse.
Natasha mumbles some strange words.
g - a +0 trident (weapon)
a - a +2 spear (weapon)
Reach: a) +2 spear
Press: ? - help, Dir - move target, f - Natasha
Aim: Natasha (about 42% to evade your +2 spear)
You reach to attack!
You closely miss Natasha. Natasha claws you.
You hit Natasha.
Natasha is lightly wounded.
Natasha barely misses you.
You completely miss Natasha.
Natasha is lightly wounded.
Natasha claws you.
You hit Natasha.
Natasha is moderately wounded.
The white imp shouts, "Go and return not, thou fulsome spur-galled lout!"
Natasha casts a spell at you. The magic dart hits you!
You hit Natasha.
Natasha is heavily wounded.
Natasha claws you.
You hit Natasha.
Natasha is severely wounded.
Natasha mumbles some strange words.
You closely miss Natasha.
Natasha is severely wounded.
Natasha stares at you and mumbles some strange words.
The magic dart hits you!
* * * LOW HITPOINT WARNING * * *
You barely miss Natasha.
Natasha is severely wounded.
The shadow imp disappears in a puff of smoke!
The iron imp barely misses you. Natasha claws you.
You die...

### #. #.. #.# #.#
#.# #.# #.# #.#
#.######.## #####
#.......<.#
####...###..#####..#
............†5h@5..#
##.....♣....#####.#
..#............## .#
................# .#
...............(?....
...................##
o..................#
......≈≈≈≈≈≈.........
.....≈≈####≈≈......#.


You could see an iron imp (summoned), Natasha and a white imp (summoned).

Vanquished Creatures
  3 dart slugs (D:1)
  4 endoplasms
  2 giant cockroaches
  3 goblins (D:2)
  A hobgoblin (D:1)
  2 quokkas
  A ball python (D:1)
  5 bats
  4 frilled lizards
  2 kobolds
  4 rats
31 creatures vanquished.

Notes
Turn   | Place    | Note
-------+----------+-------------------------------------------
     0 | D:1      | cameronsadist the Demigod Wanderer began the quest for the
                  | Orb.
     0 | D:1      | cameronsadist set off with the following items: a +2 spear,
                  | a +0 pair of boots, a +0 robe; and the following spell
                  | memorised: Apportation; and the following spells available
                  | to memorise: Lesser Beckoning
     0 | D:1      | Reached XP level 1. HP: 14/14 MP: 6/6
   113 | D:1      | Reached XP level 2. HP: 13/22 MP: 8/8
   243 | D:1      | Found Iguug's Book Boutique.
   725 | D:1      | Found Ecan's Assorted Antiques.
   959 | D:2      | Reached XP level 3. HP: 27/27 MP: 10/10
  1133 | D:3      | Noticed Natasha
  1154 | D:3      | Slain by Natasha

Illustrated notes

Levels and vault maps discovered:
D:1:      wander_arrival_estate, layout_loops_corners, serial_shops, shop,
          nicolae_shop_stone
D:2:      layout_loops_ring, shapermc_ecumenical_altar_mp_highgroup,
          minmay_misc_feat_roman, uniq_crazy_yiuf_cottage
D:3:      layout_loops_ring, kennysheep_decorative_pillar, uniq_natasha,
          uniq_jessica

Skill      XL: |  1  2  3 |
---------------+----------+-----
Polearms       | 2 |  2.3
Spellcasting   | 3 |  3.0
Dodging        | 3 |  3.0
Fighting       | |  0.8
Throwing       | |  1.0
Stealth        | |  1.0

Action                   || total
-------------------------++-------
Melee: Spear             ||   107
  Use: Scroll            ||     4
Armor: Robe              ||     4
       Leather armour    ||    28
Dodge: Dodged            ||    59

Table legend: (Time is in decaauts)
 A = Elapsed time spent in this place.
 B = Non-inter-level travel time spent in this place.
 C = Inter-level travel time spent in this place.
 D = Time resting spent in this place.
 E = Time spent auto-exploring this place.
 F = Levels seen in this place.
 G = Mean time per level.
                   A        B        C        D        E       F      G
               +--------+--------+--------+--------+--------+-----+--------+
         Total |   1152 |    747 |    405 |    394 |      0 |   3 |  384.0 |
       Dungeon |   1152 |    747 |    405 |    394 |      0 |   3 |  384.0 |
               +--------+--------+--------+--------+--------+-----+--------+

Top non-repeatable levels by time:
     D:1: 796 daAuts
     D:2: 303 daAuts
     D:3: 52 daAuts
